 Dungeon Crawl Stone Soup version 0.20-a0-433-g9e36e56 (webtiles) character file.

721 Faca the Shield-Bearer (level 8, -2/63 HPs)
             Began as a Formicid Fighter on Jan 3, 2017.
             Slain by an orc wizard
             ... wielding a +2 dagger of electrocution
              (14 damage)
             ... on level 4 of the Dungeon.
             The game lasted 00:10:32 (3746 turns).

Faca the Shield-Bearer (Formicid Fighter)           Turns: 3746, Time: 00:10:34

Health: -2/63      AC: 13    Str: 21    XL:     8   Next: 2%
Magic:  8/8        EV:  8    Int:  8    God:
Gold:   251        SH: 10    Dex: 12    Spells: 7/7 levels left

rFire  . . .     SeeInvis +     a - +0 long sword
rCold  . . .     Gourm    .     e - +1 plate armour
rNeg   . . .     Faith    .     c - +0 shield
rPois  .         Spirit   .     (helmet unavailable)
rElec  .         Reflect  .     (no cloak)
rCorr  +         Harm     .     (no gloves)
MR     .....                    (no boots)
Stlth  ..........               (no amulet)
                                d - ring of resist corrosion
                                b - +2 ring of evasion

@: no status effects
A: permanent stasis, dig shafts and tunnels, four strong arms, antennae 3,
sturdy frame 1
a: Dig, Shaft Self


You were on level 4 of the Dungeon.
You were not hungry.

You visited 1 branch of the dungeon, and saw 4 of its levels.

You collected 251 gold pieces.

Inventory:

Hand Weapons
 a - a +0 long sword (weapon)
 k - a +2 short sword of electrocution
Armour
 c - a +0 shield (worn)
 e - a +1 plate armour (worn)
Jewellery
 b - a +2 ring of evasion (left hand)
 d - a ring of resist corrosion (right hand)
Potions
 f - a potion of cancellation
 g - a potion of cure mutation {unknown}
 h - a potion of agility
 j - a potion of invisibility
Comestibles
 l - a bread ration


   Skills:
 + Level 5.5 Fighting
 + Level 4.5 Long Blades
 + Level 5.5 Armour
 + Level 6.1 Shields


You had 7 spell levels left.
You didn't know any spells.

Dungeon Overview and Level Annotations

Branches:
Dungeon (4/15)
 Temple: D:4-7

Altars:
Ashenzari
Cheibriados
Fedhas
Kikubaaqudgha
Ru


Innate Abilities, Weirdness & Mutations

You cannot be hasted, slowed, berserked, paralysed or teleported.
You can dig through walls and to a lower floor.
Your four strong arms can wield two-handed weapons with a shield.
You have a pair of large antennae on your head. (SInv)
Your movements are slightly less encumbered by armour. (ER -2)


Message History

The orc wizard hits you but does no damage.
You block the orc wizard's attack.
You barely miss the orc wizard.
The orc wizard is severely wounded.
The orc wizard gestures at you while chanting.
The puff of flame hits you!
* * * LOW HITPOINT WARNING * * *
Your shield and plate armour prevent you from hitting the orc wizard.
The orc wizard is severely wounded.
You block the orc wizard's attack.
You closely miss the orc wizard.
The orc wizard is severely wounded.
You block the orc wizard's attack.
You hit the orc wizard but do no damage.
The orc wizard is severely wounded.
The orc wizard closely misses you.
You riposte.
You miss the orc wizard.
The orc wizard is severely wounded.
The orc wizard hits you but does no damage.
You are electrocuted!
You die...

#≈._.≈#.# §8.8≈#.######## ≈.≈
#.#....... #'###.#.######
#.#.#......... #...#...######
############## ###.......####
..............########.#.........
...............o@................
#############..#######.#†..######
# ##.## #.#...#..... # #..#
#.#...#.#### # ##.# #.#.........
# #o## #.#..##.#### # ##.o#
#.#..##.# # ####....{. #.#..##.#
#.........# #.#..##.#


You could see an orc wizard (invisible).

Vanquished Creatures
  Duvessa (D:4)
  The ghost of NERVtheDESTROYER the Chucker, an amateur TrHu (D:3)
  A bullfrog (D:4)
  Dowan (D:4)
  An orc priest (D:4)
  Jessica (D:3)
  4 orc wizards
  A hound skeleton (D:4)
  10 adders
  A shadow imp (D:4)
  An ooze (D:3)
  2 worms (D:3)
  3 dart slugs
  5 leopard geckos
  18 orcs
  3 ball pythons
  5 bats
  5 giant cockroaches
  12 goblins
  11 hobgoblins
  3 jackals (D:4)
  3 kobolds
  9 frilled lizards
  8 rats
110 creatures vanquished.

Notes
Turn   | Place    | Note
-------+----------+-------------------------------------------
     0 | D:1      | Faca the Formicid Fighter began the quest for the Orb.
     0 | D:1      | Reached XP level 1. HP: 18/18 MP: 1/1
    76 | D:1      | Reached XP level 2. HP: 24/24 MP: 2/2
   138 | D:1      | Reached skill level 4 in Shields
   503 | D:1      | Reached XP level 3. HP: 27/29 MP: 3/3
  1214 | D:2      | Found a sacrificial altar of Ru.
  1312 | D:2      | Found a shattered altar of Ashenzari.
  1319 | D:2      | Reached XP level 4. HP: 32/35 MP: 4/4
  2057 | D:3      | Noticed NERVtheDESTROYER's ghost (amateur TrHu)
  2067 | D:3      | Killed NERVtheDESTROYER's ghost
  2067 | D:3      | Reached XP level 5. HP: 42/42 MP: 5/5
  2111 | D:3      | Reached XP level 6. HP: 48/48 MP: 6/6
  2445 | D:3      | Gained mutation: Your movements are slightly less encumbered by armour. (ER -2) [potion of beneficial mutation]
  2522 | D:3      | Found an ancient bone altar of Kikubaaqudgha.
  2522 | D:3      | Found a blossoming altar of Fedhas.
  2638 | D:3      | Noticed Jessica
  2643 | D:3      | Killed Jessica
  2643 | D:3      | Reached skill level 5 in Shields
  2877 | D:4      | Reached XP level 7. HP: 48/55 MP: 7/7
  2977 | D:4      | Reached skill level 5 in Fighting
  3101 | D:4      | Reached skill level 5 in Armour
  3493 | D:4      | Noticed Duvessa
  3524 | D:4      | Killed Duvessa
  3529 | D:4      | Noticed Dowan
  3544 | D:4      | Killed Dowan
  3686 | D:4      | Found a snail-covered altar of Cheibriados.
  3727 | D:4      | Reached skill level 6 in Shields
  3737 | D:4      | Reached XP level 8. HP: 46/63 MP: 8/8
  3746 | D:4      | Slain by an orc wizard

Vault maps used:
D:1:      wheals_arrival_shading
D:2:      minmay_diamond_boxcup, old_standard_altar, st_stairs_9,
          kennysheep_nub, hangedman_abyss_or_decor_lesser_grid,
          nicolae_ru_the_path_less_chosen
D:3:      grunt_temple_overflow_growth_and_decay, moated_statue, uniq_jessica
D:4:      kennysheep_little_box, dk_vineyard_1, uniq_duvessa

Skill      XL: |  1  2  3  4  5  6  7 |
---------------+----------------------+-----
Shields        | 4 5 6 |  6.1
Long Blades    | 3 4 |  4.5
Armour         | 4 5 |  5.5
Fighting       | 4 5 |  5.5

Action                   |  1- 3 |  4- 6 |  7- 9 || total
-------------------------+-------+-------+-------++-------
Melee: Long sword        |   107 |   203 |   137 ||   447
  Use: Scroll            |     5 |     6 |       ||    11
       Potion            |     2 |     3 |       ||     5
  Eat: Chunk             |     1 |       |       ||     1
       Bread ration      |       |     1 |       ||     1
       Fruit             |       |     3 |       ||     3
       Meat ration       |       |       |     1 ||     1
Armor: Scale mail        |    17 |       |       ||    17
       Plate armour      |    31 |   159 |    67 ||   257
Dodge: Dodged            |    32 |    72 |    40 ||   144
Block: Shield            |    72 |   122 |    78 ||   272
       Rpst.: Long sword |    11 |    21 |    13 ||    45
